Pick #1

Connor Bedard
Pick #2

Leo Carlsson
Pick #3

Adam Fantilli
Pick #4

Matvei Michkov
Pick #5

David Reinbacher
Pick #6

William Smith
Pick #7

Zachary Benson
Pick #8

Ryan Leonard
Pick #9

Gabriel Perreault
Pick #10

Axel Sandin-Pellika
Pick #11

Daniil But
Pick #12

Dalibor Dvorsky
Pick #13

Quentin Musty
Pick #14

Brayden Yager
Pick #15

Dmitry Simashev
Pick #16

Colby Barlow
Pick #17

Andrew Cristall
Pick #18

Easton Cowan
Pick #19

Jacob Fowler
Pick #20

Oliver Moore
Pick #21

Oliver Bonk
Pick #22

Tom Willander
Pick #23

Calum Ritchie
Pick #24

Tanner Molendyk
Pick #25

Gavin Brindley
Pick #26

Nate Danielson
Pick #27

Pick #28

Pick #29

Pick #30

Pick #31

Pick #32

Pick #33

Pick #34

Pick #35

Pick #36

Pick #37

Pick #38

Pick #39

Pick #40

Pick #41

Pick #42

Pick #43

Pick #44

Pick #45

Pick #46

Pick #47

Pick #48

Pick #49

Pick #50

Pick #51

Pick #52

Pick #53

Pick #54

Pick #55

Pick #56

Pick #57

Pick #58

Pick #59

Pick #60

Pick #61

Pick #62

Pick #63

Pick #64

Pick #65

Pick #66

Pick #67

Pick #68

Pick #69

Pick #70

Pick #71

Pick #72

Pick #73

Pick #74

Pick #75

Pick #76

Pick #77

Pick #78

Pick #79

Pick #80

Pick #81

Pick #82

Pick #83

Pick #84

Pick #85

Pick #86

Pick #87

Pick #88

Pick #89

Pick #90

Pick #91

Pick #92

Pick #93

Pick #94

Pick #95

Pick #96

Pick #97

Pick #98

Pick #99

Pick #100

Pick #101

Pick #102

Pick #103

Pick #104

Pick #105

Pick #106

Pick #107

Pick #108

Pick #109

Pick #110

Pick #111

Pick #112

Pick #113

Pick #114

Pick #115

Pick #116

Pick #117

Pick #118

Pick #119

Pick #120

Pick #121

Pick #122

Pick #123

Pick #124

Pick #125

Pick #126

Pick #127

Pick #128

Pick #129

Pick #130

Full Scoreboard »»

Predators vs RedWings

Created - November 1, 2023 at 09:23

Goals
1 2 3 T
Predators 0 1 1 2
RedWings 2 0 1 3
Shots
1 2 3 T
Predators 6 11 9 26
RedWings 9 5 7 21

GoalsPenalties
1st period
1. RedWings , John Carlson 3 (Brayden Schenn 6, Ryan Hartman 6) at 4:08 (PP)
2. RedWings , Spencer Stastney 2 (Brayden Schenn 7, Ryan Hartman 7) at 13:57
J.T. Miller (NSH) for Hooking (Minor) at 1:18
J.T. Compher (NSH) for Holding Stick (Minor) at 3:56
Drew Doughty (DET) for Hooking (Minor) at 10:25
2nd period
3. Predators , Lucas Raymond 4 (J.T. Compher 3, Bo Horvat 6) at 13:36
Cal Clutterbuck (NSH) for Hooking (Minor) at 14:41
3rd period
4. Predators , Kyle Connor 5 (J.T. Miller 5, Thomas Chabot 6) at 5:01
5. RedWings , David Pastrnak 7 (Mark Scheifele 6, Seth Jones 8) at 16:12
Tage Thompson (NSH) for Holding (Minor) at 6:20
J.T. Miller (NSH) for Slashing (Minor) at 10:03
Goalie Stats
Ilya Sorokin (NSH), 18 saves from 21 shots - (0.857), L, 7-3-0, 59:16 minutes
Adin Hill (DET), 24 saves from 26 shots - (0.923), W, 5-2-0, 60:00 minutes
3 StarsOfficial
1 - David Pastrnak (DET)
2 - Spencer Stastney (DET)
3 - Ryan Hartman (DET)
Referees : Steve Kozari and Terry Koharski
Linesman : Scott Cherrey and Brad Kovachik
Game Note
No Game Note
Finance
Level 1 -- Attendance: 5798 (89.20%) -- Ticket Income $695,760
Level 2 -- Attendance: 4660 (93.20%) -- Ticket Income $372,800
Level 3 -- Attendance: 3381 (96.60%) -- Ticket Income $236,670
Level 4 -- Attendance: 2617 (64.99%) -- Ticket Income $91,595
Luxury Box -- Attendance: 923 (92.30%) -- Ticket Income $203,060
Game was played at the Joe Louis Arena.
Total Attendance: 17379 (86.78%)
Total Ticket Income: $1,599,885
Other Income: $399,971
Total Income: $1,999,856



Team Name Goals Shots Shots Attemp Shots Blocked PIM HIT PP PK FO%
Predators 22662610190 / 1 (0%)156%
RedWings 3214982191 / 5 (20%)044%

Predators
Player Name POS G A P +/- PIM HIT SHT SB MP PP MP PP SHT PK MP PK SHT FO% FOT
Alex TuchRW0001000019:551:1400:0000% 0
Bo HorvatC0110004015:090:0001:30069% 16
Brandon CarloD0000000013:380:0000:0400% 0
Cal ClutterbuckRW0000230013:380:0000:0000% 2
Colton SissonsC000000001:380:0000:2600% 2
Darnell NurseD000-1021120:310:4503:4100% 0
Gabriel VilardiRW000-1011016:550:4500:00050% 2
J.T. CompherLW0110201016:050:0002:1400% 0
J.T. MillerC0111465023:551:1402:50161% 28
Jesperi KotkaniemiC000000000:110:0000:0000% 0
Kyle ConnorLW1011004021:251:1401:3000% 0
Lucas RaymondLW1010002017:150:0003:25067% 3
Nikita ZadorovD000-1010120:270:4503:3700% 0
Roman JosiD0001011325:551:1404:2700% 0
Tage ThompsonC000-1225019:590:4513:05044% 16
Taylor HallLW000-1022016:550:4500:0000% 0
Thomas ChabotD0111010125:551:1404:2700% 0
Yakov TreninC000000002:210:0001:160100% 1
RedWings
Player Name POS G A P +/- PIM HIT SHT SB MP PP MP PP SHT PK MP PK SHT FO% FOT
Brayden SchennC0220002019:173:5310:12038% 24
David PastrnakRW1011016021:473:2720:0000% 0
David PerronLW0001030021:533:2700:060100% 1
Denis GurianovRW000000006:490:4800:0000% 0
Derick BrassardC000-1001011:250:4801:06050% 8
Drew DoughtyD000-1260123:014:2400:0000% 0
Erik KarlssonD000-1012122:023:0711:0600% 0
Evgenii DadonovRW0000001019:053:5300:00050% 2
John CarlsonD1010012222:373:4410:0600% 0
Mark ScheifeleC0111014022:363:2710:00041% 27
Nick CousinsC000000006:480:0000:47080% 5
Nick FolignoLW000-1000010:190:4800:000100% 1
Phillip Di GiuseppeLW000-1010011:070:0000:4700% 0
Ryan HartmanRW0220021020:543:5301:0000% 2
Ryan MurrayD0001000213:150:0000:4700% 0
Seth JonesD0110021125:064:2411:0600% 0
Spencer StastneyD1011001113:580:3700:5300% 0
Stefan NoesenRW000001006:010:0000:0000% 0



Play-by-Play

1st period


0:01 of 1st period - J.T. Miller wins face-off versus Mark Scheifele in neutral zone.
0:03 of 1st period - Off-side.
0:04 of 1st period - Brayden Schenn wins face-off versus Tage Thompson in neutral zone.
0:09 of 1st period - Shot by Seth Jones.
0:09 of 1st period - Shot Misses the Net.
0:28 of 1st period - Shot by Tage Thompson.
0:28 of 1st period - Deflect By Taylor Hall.
0:28 of 1st period - Stopped by Adin Hill with a rebound.
0:30 of 1st period - Shot by Darnell Nurse.
0:30 of 1st period - Shot Blocked by John Carlson.
0:39 of 1st period - Tage Thompson is hit by John Carlson.
1:18 of 1st period - Minor Penalty to J.T. Miller for Hooking.
1:19 of 1st period - Mark Scheifele wins face-off versus Lucas Raymond in Predators zone.
1:30 of 1st period - Shot by David Pastrnak.
1:30 of 1st period - Shot Misses the Net.
1:36 of 1st period - Shot by Erik Karlsson.
1:36 of 1st period - Stopped by Ilya Sorokin without a rebound.
1:37 of 1st period - Evgenii Dadonov wins face-off versus Bo Horvat in Predators zone.
1:38 of 1st period - Shot by Brayden Schenn.
1:38 of 1st period - Stopped by Ilya Sorokin without a rebound.
1:39 of 1st period - Bo Horvat wins face-off versus Brayden Schenn in Predators zone.
1:47 of 1st period - Off-side.
1:48 of 1st period - Lucas Raymond wins face-off versus Mark Scheifele in neutral zone.
2:11 of 1st period - Shot by Mark Scheifele.
2:11 of 1st period - Stopped by Ilya Sorokin with a rebound.
3:56 of 1st period - Minor Penalty to J.T. Compher for Holding Stick.
3:57 of 1st period - Brayden Schenn wins face-off versus J.T. Miller in Predators zone.
4:00 of 1st period - Shot by John Carlson.
4:00 of 1st period - Shot Misses the Net.
4:02 of 1st period - Shot by Evgenii Dadonov.
4:02 of 1st period - Shot Misses the Net.
4:04 of 1st period - Shot by Ryan Hartman.
4:04 of 1st period - Deflect By Brayden Schenn.
4:04 of 1st period - Shot Misses the Net.
4:06 of 1st period - Shot by Brayden Schenn.
4:06 of 1st period - Shot Misses the Net.
4:08 of 1st period - Shot by John Carlson.
4:08 of 1st period - Goal by John Carlson - Predators : 0 - RedWings : 1.
4:09 of 1st period - Nick Cousins wins face-off versus Bo Horvat in neutral zone.
4:32 of 1st period - Shot by Bo Horvat.
4:32 of 1st period - Stopped by Adin Hill without a rebound.
4:33 of 1st period - Brayden Schenn wins face-off versus Tage Thompson in RedWings zone.
4:33 of 1st period - Brayden Schenn is hit by Taylor Hall.
4:39 of 1st period - Shot by Ryan Hartman.
4:39 of 1st period - Shot Misses the Net.
4:49 of 1st period - Shot by Gabriel Vilardi.
4:49 of 1st period - Stopped by Adin Hill without a rebound.
4:50 of 1st period - J.T. Miller wins face-off versus Mark Scheifele in RedWings zone.
4:57 of 1st period - Shot by J.T. Miller.
4:57 of 1st period - Shot Blocked by Spencer Stastney.
5:17 of 1st period - Shot by J.T. Miller.
5:17 of 1st period - Shot Blocked by Ryan Murray.
6:51 of 1st period - Icing by J.T. Compher.
6:52 of 1st period - Derick Brassard wins face-off versus Cal Clutterbuck in Predators zone.
7:31 of 1st period - Shot by Tage Thompson.
7:31 of 1st period - Shot Misses the Net.
7:36 of 1st period - Derick Brassard is hit by Tage Thompson and loses puck.
7:43 of 1st period - Icing by Tage Thompson.
7:44 of 1st period - Mark Scheifele wins face-off versus Tage Thompson in Predators zone.
8:01 of 1st period - Shot by David Pastrnak.
8:01 of 1st period - Stopped by Ilya Sorokin without a rebound.
8:02 of 1st period - J.T. Miller wins face-off versus Nick Cousins in Predators zone.
8:02 of 1st period - Roman Josi is hit by Stefan Noesen.
8:03 of 1st period - Icing by Roman Josi.
8:04 of 1st period - J.T. Miller wins face-off versus Mark Scheifele in Predators zone.
8:04 of 1st period - J.T. Miller is hit by David Perron.
8:32 of 1st period - David Perron is hit by J.T. Miller.
8:48 of 1st period - Thomas Chabot is hit by Mark Scheifele and loses puck.
9:02 of 1st period - Off-side.
9:03 of 1st period - Gabriel Vilardi wins face-off versus Brayden Schenn in neutral zone.
9:03 of 1st period - Gabriel Vilardi is hit by Ryan Hartman.
10:07 of 1st period - Off-side.
10:08 of 1st period - Mark Scheifele wins face-off versus Bo Horvat in neutral zone.
10:25 of 1st period - Minor Penalty to Drew Doughty for Hooking.
10:26 of 1st period - J.T. Miller wins face-off versus Derick Brassard in RedWings zone.
11:30 of 1st period - Shot by Tage Thompson.
11:30 of 1st period - Stopped by Adin Hill with a rebound.
11:32 of 1st period - Shot by Gabriel Vilardi.
11:32 of 1st period - Shot Misses the Net.
11:34 of 1st period - Shot by Darnell Nurse.
11:34 of 1st period - Shot Misses the Net.
11:56 of 1st period - Shot by Tage Thompson.
11:56 of 1st period - Shot Misses the Net.
12:28 of 1st period - Shot by Bo Horvat.
12:28 of 1st period - Shot Blocked by Erik Karlsson.
13:26 of 1st period - Off-side.
13:27 of 1st period - Brayden Schenn wins face-off versus Tage Thompson in neutral zone.
13:55 of 1st period - Shot by Ryan Hartman.
13:55 of 1st period - Deflect By Brayden Schenn.
13:55 of 1st period - Stopped by Ilya Sorokin with a rebound.
13:57 of 1st period - Shot by Spencer Stastney.
13:57 of 1st period - Goal by Spencer Stastney - Predators : 0 - RedWings : 2.
13:58 of 1st period - Derick Brassard wins face-off versus J.T. Miller in neutral zone.
14:40 of 1st period - Shot by John Carlson.
14:40 of 1st period - Shot Misses the Net.
15:25 of 1st period - Shot by Tage Thompson.
15:25 of 1st period - Stopped by Adin Hill without a rebound.
15:26 of 1st period - Bo Horvat wins face-off versus Brayden Schenn in RedWings zone.
15:35 of 1st period - Shot by Ryan Murray.
15:35 of 1st period - Shot Misses the Net.
16:03 of 1st period - Shot by Ryan Hartman.
16:03 of 1st period - Shot Misses the Net.
16:05 of 1st period - Shot by Evgenii Dadonov.
16:05 of 1st period - Stopped by Ilya Sorokin without a rebound.
16:06 of 1st period - David Perron wins face-off versus Tage Thompson in Predators zone.
16:32 of 1st period - Icing by Seth Jones.
16:33 of 1st period - Mark Scheifele wins face-off versus J.T. Miller in RedWings zone.
16:33 of 1st period - Mark Scheifele is hit by J.T. Miller.
16:59 of 1st period - Shot by David Pastrnak.
16:59 of 1st period - Stopped by Ilya Sorokin with a rebound.
17:20 of 1st period - Off-side.
17:21 of 1st period - Tage Thompson wins face-off versus Brayden Schenn in neutral zone.
17:27 of 1st period - Icing by Drew Doughty.
17:28 of 1st period - Tage Thompson wins face-off versus Ryan Hartman in RedWings zone.
18:10 of 1st period - Drew Doughty is hit by Roman Josi and loses puck.
18:13 of 1st period - Shot by Brayden Schenn.
18:13 of 1st period - Shot Misses the Net.
18:37 of 1st period - Shot by J.T. Miller.
18:37 of 1st period - Shot Misses the Net.
18:45 of 1st period - Shot by J.T. Miller.
18:45 of 1st period - Shot Misses the Net.
19:01 of 1st period - Shot by Darnell Nurse.
19:01 of 1st period - Shot Misses the Net.
19:03 of 1st period - Shot by J.T. Miller.
19:03 of 1st period - Shot Blocked by John Carlson.
19:05 of 1st period - Shot by Kyle Connor.
19:05 of 1st period - Stopped by Adin Hill with a rebound.
19:29 of 1st period - John Carlson is hit by Cal Clutterbuck and loses puck.
Goals for this period are 0 for Predators vs 2 for RedWings.
Shots for this period are 6 for Predators vs 9 for RedWings.

2nd period


0:01 of 2nd period - J.T. Miller wins face-off versus Mark Scheifele in neutral zone.
0:01 of 2nd period - J.T. Miller is hit by David Perron.
0:14 of 2nd period - Shot by J.T. Miller.
0:14 of 2nd period - Stopped by Adin Hill with a rebound.
0:54 of 2nd period - Icing by Roman Josi.
0:55 of 2nd period - Brayden Schenn wins face-off versus J.T. Miller in Predators zone.
1:52 of 2nd period - Taylor Hall is hit by Phillip Di Giuseppe and loses puck.
1:59 of 2nd period - Shot by Derick Brassard.
1:59 of 2nd period - Stopped by Ilya Sorokin without a rebound.
2:00 of 2nd period - Bo Horvat wins face-off versus Mark Scheifele in Predators zone.
2:07 of 2nd period - Shot by Bo Horvat.
2:07 of 2nd period - Deflect By Lucas Raymond.
2:07 of 2nd period - Shot Misses the Net.
3:24 of 2nd period - Shot by Derick Brassard.
3:24 of 2nd period - Shot Blocked by Roman Josi.
4:30 of 2nd period - Shot by Gabriel Vilardi.
4:30 of 2nd period - Deflect By Taylor Hall.
4:30 of 2nd period - Shot Blocked by Seth Jones.
4:42 of 2nd period - Shot by Tage Thompson.
4:42 of 2nd period - Shot Hit the Post.
4:44 of 2nd period - Shot by Darnell Nurse.
4:44 of 2nd period - Stopped by Adin Hill without a rebound.
4:45 of 2nd period - Mark Scheifele wins face-off versus Colton Sissons in RedWings zone.
4:52 of 2nd period - Shot by Mark Scheifele.
4:52 of 2nd period - Stopped by Ilya Sorokin without a rebound.
4:53 of 2nd period - Mark Scheifele wins face-off versus Cal Clutterbuck in Predators zone.
4:58 of 2nd period - Shot by Mark Scheifele.
4:58 of 2nd period - Stopped by Ilya Sorokin without a rebound.
4:59 of 2nd period - Bo Horvat wins face-off versus Mark Scheifele in Predators zone.
4:59 of 2nd period - Bo Horvat is hit by David Pastrnak.
5:20 of 2nd period - Bo Horvat is hit by Drew Doughty and loses puck.
5:27 of 2nd period - Shot by Roman Josi.
5:27 of 2nd period - Stopped by Adin Hill without a rebound.
5:28 of 2nd period - J.T. Miller wins face-off versus Brayden Schenn in RedWings zone.
5:31 of 2nd period - Shot by Alex Tuch.
5:31 of 2nd period - Shot Misses the Net.
5:33 of 2nd period - Shot by J.T. Miller.
5:33 of 2nd period - Stopped by Adin Hill without a rebound.
5:34 of 2nd period - J.T. Miller wins face-off versus Evgenii Dadonov in RedWings zone.
5:51 of 2nd period - Shot by J.T. Miller.
5:51 of 2nd period - Stopped by Adin Hill without a rebound.
5:52 of 2nd period - Tage Thompson wins face-off versus Mark Scheifele in RedWings zone.
5:55 of 2nd period - Shot by Gabriel Vilardi.
5:55 of 2nd period - Deflect By Tage Thompson.
5:55 of 2nd period - Stopped by Adin Hill without a rebound.
5:56 of 2nd period - J.T. Miller wins face-off versus Mark Scheifele in RedWings zone.
6:04 of 2nd period - Kyle Connor is hit by Drew Doughty and loses puck.
6:14 of 2nd period - Alex Tuch is hit by Erik Karlsson and loses puck.
6:26 of 2nd period - Kyle Connor is hit by Drew Doughty and loses puck.
7:04 of 2nd period - Shot by Taylor Hall.
7:04 of 2nd period - Shot Misses the Net.
7:42 of 2nd period - Shot by Bo Horvat.
7:42 of 2nd period - Stopped by Adin Hill without a rebound.
7:43 of 2nd period - Bo Horvat wins face-off versus Brayden Schenn in RedWings zone.
7:53 of 2nd period - Bo Horvat is hit by Seth Jones and loses puck.
8:08 of 2nd period - Icing by Seth Jones.
8:09 of 2nd period - Brayden Schenn wins face-off versus J.T. Miller in RedWings zone.
8:27 of 2nd period - Shot by J.T. Miller.
8:27 of 2nd period - Shot Misses the Net.
8:43 of 2nd period - Shot by J.T. Miller.
8:43 of 2nd period - Stopped by Adin Hill without a rebound.
8:44 of 2nd period - Nick Foligno wins face-off versus Gabriel Vilardi in RedWings zone.
8:57 of 2nd period - Shot by Derick Brassard.
8:57 of 2nd period - Shot Misses the Net.
8:59 of 2nd period - Shot by Nick Foligno.
8:59 of 2nd period - Shot Blocked by Nikita Zadorov.
9:11 of 2nd period - Shot by Derick Brassard.
9:11 of 2nd period - Shot Blocked by Darnell Nurse.
11:01 of 2nd period - Brandon Carlo is hit by Drew Doughty and loses puck.
11:12 of 2nd period - Shot by Bo Horvat.
11:12 of 2nd period - Shot Misses the Net.
11:14 of 2nd period - Shot by Bo Horvat.
11:14 of 2nd period - Shot Blocked by Drew Doughty.
11:40 of 2nd period - Taylor Hall is hit by Drew Doughty and loses puck.
12:33 of 2nd period - Shot by Brayden Schenn.
12:33 of 2nd period - Shot Misses the Net.
12:35 of 2nd period - Shot by Ryan Murray.
12:35 of 2nd period - Shot Misses the Net.
12:37 of 2nd period - Shot by Evgenii Dadonov.
12:37 of 2nd period - Shot Blocked by Roman Josi.
12:49 of 2nd period - Shot by Ryan Hartman.
12:49 of 2nd period - Shot Misses the Net.
13:03 of 2nd period - Phillip Di Giuseppe is hit by J.T. Miller and loses puck.
13:36 of 2nd period - Shot by Lucas Raymond.
13:36 of 2nd period - Goal by Lucas Raymond - Predators : 1 - RedWings : 2.
13:37 of 2nd period - Nick Cousins wins face-off versus Tage Thompson in neutral zone.
13:58 of 2nd period - Shot by Tage Thompson.
13:58 of 2nd period - Shot Misses the Net.
14:41 of 2nd period - Minor Penalty to Cal Clutterbuck for Hooking.
14:42 of 2nd period - J.T. Miller wins face-off versus Mark Scheifele in Predators zone.
14:42 of 2nd period - J.T. Miller is hit by David Perron.
15:08 of 2nd period - Shot by David Pastrnak.
15:08 of 2nd period - Shot Misses the Net.
15:10 of 2nd period - Shot by David Pastrnak.
15:10 of 2nd period - Shot Misses the Net.
15:18 of 2nd period - Shot by David Pastrnak.
15:18 of 2nd period - Stopped by Ilya Sorokin without a rebound.
15:19 of 2nd period - Bo Horvat wins face-off versus Brayden Schenn in Predators zone.
15:35 of 2nd period - Kyle Connor is hit by Seth Jones and loses puck.
15:45 of 2nd period - Icing by Brayden Schenn.
15:46 of 2nd period - J.T. Miller wins face-off versus Brayden Schenn in RedWings zone.
15:59 of 2nd period - Shot by J.T. Miller.
15:59 of 2nd period - Shot Misses the Net.
18:34 of 2nd period - Shot by David Perron.
18:34 of 2nd period - Shot Misses the Net.
18:36 of 2nd period - Shot by John Carlson.
18:36 of 2nd period - Stopped by Ilya Sorokin with a rebound.
19:20 of 2nd period - Shot by Tage Thompson.
19:20 of 2nd period - Stopped by Adin Hill without a rebound.
19:21 of 2nd period - Nick Cousins wins face-off versus Bo Horvat in RedWings zone.
19:26 of 2nd period - Shot by Lucas Raymond.
19:26 of 2nd period - Stopped by Adin Hill without a rebound.
19:27 of 2nd period - Bo Horvat wins face-off versus Brayden Schenn in RedWings zone.
Goals for this period are 1 for Predators vs 0 for RedWings.
Shots for this period are 11 for Predators vs 5 for RedWings.

3rd period


0:01 of 3rd period - Mark Scheifele wins face-off versus J.T. Miller in neutral zone.
0:03 of 3rd period - John Carlson is hit by J.T. Miller and loses puck.
0:28 of 3rd period - Shot by Kyle Connor.
0:28 of 3rd period - Stopped by Adin Hill without a rebound.
0:29 of 3rd period - Tage Thompson wins face-off versus Ryan Hartman in RedWings zone.
0:43 of 3rd period - Shot by Tage Thompson.
0:43 of 3rd period - Stopped by Adin Hill without a rebound.
0:44 of 3rd period - Derick Brassard wins face-off versus Colton Sissons in RedWings zone.
0:44 of 3rd period - Derick Brassard is hit by J.T. Miller.
1:01 of 3rd period - Shot by J.T. Compher.
1:01 of 3rd period - Stopped by Adin Hill without a rebound.
1:02 of 3rd period - Mark Scheifele wins face-off versus Tage Thompson in RedWings zone.
1:32 of 3rd period - Tage Thompson is hit by Drew Doughty.
1:36 of 3rd period - Shot by Taylor Hall.
1:36 of 3rd period - Stopped by Adin Hill without a rebound.
1:37 of 3rd period - Brayden Schenn wins face-off versus J.T. Miller in RedWings zone.
1:56 of 3rd period - Shot by J.T. Miller.
1:56 of 3rd period - Shot Misses the Net.
2:48 of 3rd period - Off-side.
2:49 of 3rd period - Tage Thompson wins face-off versus Derick Brassard in neutral zone.
2:52 of 3rd period - Ryan Murray is hit by Tage Thompson and loses puck.
3:31 of 3rd period - Spencer Stastney is hit by Gabriel Vilardi and loses puck.
3:51 of 3rd period - Icing by Darnell Nurse.
3:52 of 3rd period - Tage Thompson wins face-off versus Mark Scheifele in Predators zone.
4:04 of 3rd period - David Pastrnak is hit by Taylor Hall and loses puck.
4:23 of 3rd period - Shot by David Pastrnak.
4:23 of 3rd period - Stopped by Ilya Sorokin without a rebound.
4:24 of 3rd period - Brayden Schenn wins face-off versus J.T. Miller in Predators zone.
4:24 of 3rd period - Erik Karlsson is hit by Thomas Chabot and loses puck.
4:55 of 3rd period - Shot by Kyle Connor.
4:55 of 3rd period - Deflect By J.T. Miller.
4:55 of 3rd period - Shot Misses the Net.
4:57 of 3rd period - Shot by Thomas Chabot.
4:57 of 3rd period - Shot Misses the Net.
4:59 of 3rd period - Shot by J.T. Miller.
4:59 of 3rd period - Deflect By Kyle Connor.
4:59 of 3rd period - Shot Misses the Net.
5:01 of 3rd period - Shot by Kyle Connor.
5:01 of 3rd period - Goal by Kyle Connor - Predators : 2 - RedWings : 2.
5:02 of 3rd period - Bo Horvat wins face-off versus Mark Scheifele in neutral zone.
5:35 of 3rd period - Shot by Bo Horvat.
5:35 of 3rd period - Shot Misses the Net.
5:41 of 3rd period - Shot by Bo Horvat.
5:41 of 3rd period - Stopped by Adin Hill without a rebound.
5:42 of 3rd period - J.T. Miller wins face-off versus Brayden Schenn in RedWings zone.
5:51 of 3rd period - Shot by Alex Tuch.
5:51 of 3rd period - Shot Misses the Net.
5:57 of 3rd period - Shot by Drew Doughty.
5:57 of 3rd period - Shot Hit the Post.
5:59 of 3rd period - Shot by Brayden Schenn.
5:59 of 3rd period - Shot Misses the Net.
6:01 of 3rd period - Shot by Erik Karlsson.
6:01 of 3rd period - Stopped by Ilya Sorokin without a rebound.
6:02 of 3rd period - Nick Cousins wins face-off versus Tage Thompson in Predators zone.
6:02 of 3rd period - Nick Cousins is hit by Darnell Nurse.
6:11 of 3rd period - Stefan Noesen is hit by Darnell Nurse and loses puck.
6:20 of 3rd period - Minor Penalty to Tage Thompson for Holding.
6:21 of 3rd period - J.T. Miller wins face-off versus Mark Scheifele in Predators zone.
6:32 of 3rd period - Shot by John Carlson.
6:32 of 3rd period - Deflect By Mark Scheifele.
6:32 of 3rd period - Shot Blocked by Roman Josi.
6:44 of 3rd period - Shot by David Pastrnak.
6:44 of 3rd period - Stopped by Ilya Sorokin without a rebound.
6:45 of 3rd period - J.T. Miller wins face-off versus Brayden Schenn in Predators zone.
7:08 of 3rd period - Shot by Drew Doughty.
7:08 of 3rd period - Shot Blocked by Thomas Chabot.
7:12 of 3rd period - Shot by Brayden Schenn.
7:12 of 3rd period - Shot Misses the Net.
7:14 of 3rd period - Shot by Seth Jones.
7:14 of 3rd period - Stopped by Ilya Sorokin without a rebound.
7:15 of 3rd period - Mark Scheifele wins face-off versus J.T. Miller in Predators zone.
7:37 of 3rd period - Icing by John Carlson.
7:38 of 3rd period - J.T. Miller wins face-off versus Mark Scheifele in RedWings zone.
7:53 of 3rd period - Shot by J.T. Miller.
7:53 of 3rd period - Deflect By Lucas Raymond.
7:53 of 3rd period - Shot Misses the Net.
7:55 of 3rd period - Shot by J.T. Miller.
7:55 of 3rd period - Stopped by Adin Hill without a rebound.
7:56 of 3rd period - Lucas Raymond wins face-off versus Brayden Schenn in RedWings zone.
8:08 of 3rd period - Icing by Seth Jones.
8:09 of 3rd period - Brayden Schenn wins face-off versus J.T. Miller in RedWings zone.
8:09 of 3rd period - Brayden Schenn is hit by J.T. Miller.
8:34 of 3rd period - Shot by Taylor Hall.
8:34 of 3rd period - Shot Blocked by Ryan Murray.
8:40 of 3rd period - Shot by Tage Thompson.
8:40 of 3rd period - Deflect By Taylor Hall.
8:40 of 3rd period - Shot Misses the Net.
8:55 of 3rd period - Icing by Spencer Stastney.
8:56 of 3rd period - Bo Horvat wins face-off versus Mark Scheifele in RedWings zone.
10:03 of 3rd period - Minor Penalty to J.T. Miller for Slashing.
10:04 of 3rd period - Yakov Trenin wins face-off versus Brayden Schenn in Predators zone.
10:04 of 3rd period - Tage Thompson is hit by Ryan Hartman.
12:30 of 3rd period - Shot by J.T. Miller.
12:30 of 3rd period - Shot Misses the Net.
12:32 of 3rd period - Shot by J.T. Compher.
12:32 of 3rd period - Shot Misses the Net.
12:34 of 3rd period - Shot by Kyle Connor.
12:34 of 3rd period - Stopped by Adin Hill without a rebound.
12:35 of 3rd period - Mark Scheifele wins face-off versus Bo Horvat in RedWings zone.
12:35 of 3rd period - Mark Scheifele is hit by Cal Clutterbuck.
12:45 of 3rd period - Shot by Bo Horvat.
12:45 of 3rd period - Stopped by Adin Hill without a rebound.
12:46 of 3rd period - Tage Thompson wins face-off versus Derick Brassard in RedWings zone.
13:20 of 3rd period - Icing by John Carlson.
13:21 of 3rd period - J.T. Miller wins face-off versus Derick Brassard in RedWings zone.
13:27 of 3rd period - John Carlson is hit by Nikita Zadorov and loses puck.
14:11 of 3rd period - Shot by Ryan Hartman.
14:11 of 3rd period - Shot Misses the Net.
14:13 of 3rd period - Shot by Ryan Hartman.
14:13 of 3rd period - Stopped by Ilya Sorokin without a rebound.
14:14 of 3rd period - Mark Scheifele wins face-off versus Tage Thompson in Predators zone.
14:46 of 3rd period - Shot by Mark Scheifele.
14:46 of 3rd period - Stopped by Ilya Sorokin without a rebound.
14:47 of 3rd period - Bo Horvat wins face-off versus Brayden Schenn in Predators zone.
15:00 of 3rd period - Shot by Bo Horvat.
15:00 of 3rd period - Shot Misses the Net.
15:24 of 3rd period - Shot by J.T. Compher.
15:24 of 3rd period - Shot Misses the Net.
16:12 of 3rd period - Shot by David Pastrnak.
16:12 of 3rd period - Goal by David Pastrnak - Predators : 2 - RedWings : 3.
16:13 of 3rd period - Derick Brassard wins face-off versus J.T. Miller in neutral zone.
18:14 of 3rd period - Icing by Seth Jones.
18:15 of 3rd period - Bo Horvat wins face-off versus Brayden Schenn in RedWings zone.
18:52 of 3rd period - Drew Doughty is hit by Cal Clutterbuck and loses puck.
19:10 of 3rd period - Icing by Roman Josi.
19:11 of 3rd period - J.T. Miller wins face-off versus Mark Scheifele in Predators zone.
19:16 of 3rd period - Predators, Ilya Sorokin is pulled from the net.
19:58 of 3rd period - Shot by Roman Josi.
19:58 of 3rd period - Shot Misses the Net.
Goals for this period are 1 for Predators vs 1 for RedWings.
Shots for this period are 9 for Predators vs 7 for RedWings.